 Dungeon Crawl Stone Soup version 0.29-a0-870-g2c972031a6 (webtiles) character file.

Game seed: 4422260669233605676

82 nxtlvl the Cutter (level 4, 0/27 HPs)
             Began as a Deep Elf Monk on July 17, 2022.
             Slain by a bullfrog zombie (2 damage)
             ... in an ossuary.
             The game lasted 00:08:10 (886 turns).

nxtlvl the Cutter (Deep Elf Monk)                    Turns: 886, Time: 00:08:10

Health: 0/27       AC:  2    Str:  7 (8)  XL:     4   Next: 21%
Magic:  8/8        EV: 13    Int: 16 (17) God:
Gold:   98         SH:  0    Dex: 17      Spells: 4/6 levels left

rFire   . . .      SeeInvis .   a - +0 short sword
rCold   . . .      Faith    .   (no shield)
rNeg    . . .      Spirit   .   f - +0 robe
rPois   .          Reflect  .   (no helmet)
rElec   .          Harm     .   (no cloak)
rCorr   .          Rampage  .   (no gloves)
Will    .....                   (no boots)
Stlth   ++........              c - amulet of magic regeneration
HPRegen 0.09/turn               (no ring)
MPRegen 0.51/turn               (no ring)

@: no status effects
A: no striking features
a: no special abilities


You were in an ossuary.
You visited 1 branch of the dungeon, and saw 4 of its levels.
You also visited: Ossuary.

You collected 98 gold pieces.

Inventory:

Hand Weapons
 a - a +0 short sword (weapon)
Missiles
 d - 36 stones (quivered)
 g - a throwing net
Armour
 f - a +0 robe (worn)
Magical Staves
 b - a staff of conjuration
Jewellery
 c - an amulet of magic regeneration (around neck)
Scrolls
 k - a scroll of teleportation {unknown}
Potions
 e - a potion of haste
 h - a potion of magic


   Skills:
 - Level 2.4 Fighting
 - Level 4.1 Short Blades
 - Level 3.6 Dodging
 - Level 2.4 Stealth
 + Level 1.9 Spellcasting
 * Level 2.3 Conjurations


You had 4 spell levels left.
You knew the following spells:

 Your Spells              Type           Power      Damage    Failure   Level
q - Slow                  Hex            4%         N/A       22%         1
z - Magic Dart            Conj           36%        1d4       9%          1

Your spell library contained the following spells:

 Spells                   Type           Power      Damage    Failure   Level
 Call Imp                 Summ           1%         N/A       32%         2
 Mephitic Cloud           Conj/Pois/Air  4%         N/A       41%         3
 Confusing Touch          Hex            1%         N/A       54%         3
 Vampiric Draining        Necr           1%         2d6       54%         3


Dungeon Overview and Level Annotations

Branches:
Dungeon (4/15)            Ossuary (1/1)
 Temple: D:4-7

Altars:
Nemelex Xobeh


Message History

Press: ? - help, Shift-Dir - straight line, f - bullfrog zombie
Aim: a bullfrog zombie (lightly damaged, wandering, hasn't noticed you, chance to affect: 47%)
The bullfrog zombie resists with some effort.
The bullfrog zombie hits you.
You hit the bullfrog zombie.
You punch the bullfrog zombie, but do no damage.
The bullfrog zombie is lightly damaged.
The bullfrog zombie misses you.
You hit the bullfrog zombie.
The bullfrog zombie is moderately damaged.
The bullfrog zombie completely misses you.
You hit the bullfrog zombie.
The bullfrog zombie is moderately damaged.
The bullfrog zombie hits you.
You hit the bullfrog zombie.
The bullfrog zombie is heavily damaged.
The bullfrog zombie hits you.
You hit the bullfrog zombie.
The bullfrog zombie is heavily damaged.
The bullfrog zombie hits you. The bullfrog zombie barely misses you.
You hit the bullfrog zombie.
The bullfrog zombie is severely damaged.
The bullfrog zombie closely misses you.
You hit the bullfrog zombie but do no damage.
You punch the bullfrog zombie, but do no damage.
The bullfrog zombie is severely damaged.
The bullfrog zombie hits you.
You hit the bullfrog zombie.
The bullfrog zombie is severely damaged.
The bullfrog zombie hits you.
* * * LOW HITPOINT WARNING * * *
You hit the bullfrog zombie.
The bullfrog zombie is almost destroyed.
The bullfrog zombie hits you.
* * * LOW HITPOINT WARNING * * *
Okay, then.
You hit the bullfrog zombie.
The bullfrog zombie is almost destroyed.
The bullfrog zombie hits you.
You die...

## .. ##≈
≈≈ #≈#..≈
#≈≈≈#≈
#≈P..
#≈≈≈#####
#P.≈#..∩#
#Z@.∩.#
#≈.≈.#...#
#≈≈#≈≈#####
#≈≈≈..≈ ≈
≈≈#≈.
#≈##≈#. ≈
#≈## ##


You could see a bullfrog zombie.

Vanquished Creatures
  3 ball pythons (D:2)
  2 bats (D:2)
  4 endoplasms
  A giant cockroach (D:1)
  A goblin (D:3)
  2 hobgoblins
  3 jackals (D:2)
  5 kobolds
  A quokka (D:2)
  2 rats (D:1)
24 creatures vanquished.

Vanquished Creatures (collateral kills)
  2 mummies (Ossuary)
2 creatures vanquished.

Vanquished Creatures (others)
  2 fungi (D:3)
  4 plants (D:3)
  11 withered plants (Ossuary)
17 creatures vanquished.

Grand Total: 43 creatures vanquished

Notes
Turn   | Place    | Note
-------+----------+-------------------------------------------
     0 | D:1      | nxtlvl the Deep Elf Monk began the quest for the Orb.
     0 | D:1      | Reached XP level 1. HP: 13/13 MP: 3/3
   118 | D:2      | Found a sparkling altar of Nemelex Xobeh.
   193 | D:2      | Reached XP level 2. HP: 7/18 MP: 4/4
   374 | D:2      | Reached skill level 4 in Short Blades
   464 | D:3      | Noticed a howler monkey
   662 | D:3      | Learned a level 1 spell: Magic Dart
   736 | D:4      | Found a sand-covered staircase.
   770 | D:4      | Reached XP level 3. HP: 20/22 MP: 1/5
   787 | Ossuary  | Entered an ossuary
   808 | Ossuary  | Reached skill level 1 in Spellcasting
   808 | Ossuary  | Reached skill level 1 in Conjurations
   818 | Ossuary  | Reached XP level 4. HP: 22/27 MP: 8/8
   842 | Ossuary  | Learned a level 1 spell: Slow
   886 | Ossuary  | Slain by a bullfrog zombie

Illustrated notes

Levels and vault maps discovered:
D:1:      kennysheep_arrival_seaside, layout_basic
D:2:      layout_loops_ring, basic_altar, minivault_23,
          hangedman_decor_clover_reticule, kennysheep_generic_room_5
D:3:      layout_basic, shapermc_ecumenical_altar_mp_urbaneastern
D:4:      layout_cave_pools, lightli_ossuary_entry_decrepit_ruins,
          roderic_batcave
Ossuary:  ossuary_zaba_flooded

Skill      XL: |  1  2  3 |
---------------+----------+-----
Short Blades   | 4 |  4.1
Spellcasting   | 1 |  1.9
Conjurations   | 2 |  2.3
Fighting       | |  2.4
Dodging        | |  3.6
Stealth        | |  2.4

Action                   |  1- 3 |  4- 6 || total
-------------------------+-------+-------++-------
Melee: Short sword       |    98 |    10 ||   108
       Punch             |     2 |     2 ||     4
       Staff             |     1 |       ||     1
 Cast: Magic Dart        |     8 |       ||     8
       Slow              |       |     1 ||     1
  Use: Potion            |     5 |       ||     5
       Scroll            |     4 |       ||     4
 Stab: Sleeping          |     5 |       ||     5
Armor: Robe              |    13 |       ||    13
Dodge: Dodged            |    56 |     4 ||    60

Table legend: (Time is in decaauts)
 A = Elapsed time spent in this place.
 B = Non-inter-level travel time spent in this place.
 C = Inter-level travel time spent in this place.
 D = Time resting spent in this place.
 E = Time spent auto-exploring this place.
 F = Levels seen in this place.
 G = Mean time per level.
                   A        B        C        D        E       F      G
               +--------+--------+--------+--------+--------+-----+--------+
         Total |    874 |    856 |     18 |      0 |     49 |   5 |  174.8 |
       Dungeon |    777 |    759 |     18 |      0 |     49 |   4 |  194.2 |
       Ossuary |     96 |     96 |      0 |      0 |      0 |   1 |   96.0 |
               +--------+--------+--------+--------+--------+-----+--------+

Top non-repeatable levels by time:
     D:3: 330 daAuts
     D:2: 255 daAuts
     D:1: 106 daAuts
 Ossuary: 96 daAuts
     D:4: 85 daAuts
